Map: Império Eterno LE

Players

LowLinK

  • Race: Protoss Protoss
  • League: Platinum
  • Spawn Location: 1:00

DaHaKa - Winner!

  • Race: Zerg Zerg
  • League: Diamond
  • Spawn Location: 7:00

VOD

Have the link to the VOD?

Description

Time

  • Played on: Feb. 15, 2020, 3:41 p.m.
  • Length: 11:15
Show
View Real Time Build Order
Export as new Build Order

LowLinK Protoss 

Build Orders: Zealot Archon, Dark Templar Rush 

Get SALT Encoding   

  12  0:01  Probe  
  13  0:13  Probe  
  14  0:17  Pylon  
  14  0:25  Probe  
  15  0:36  Gateway  
  15  0:38  Probe (Chrono Boost)  
  16  0:48  Probe (Chrono Boost), Assimilator  
  17  0:53  Probe (Chrono Boost)  
  18  0:57  Assimilator  
  18  1:04  Probe  
  18  1:11  Pylon  
  19  1:17  Probe  
  20  1:26  Cybernetics Core  
  20  1:29  Probe  
  21  1:41  Probe  
  22  1:52  Warp Gate  
  22  1:53  Probe  
  23  2:05  Pylon  
  23  2:07  Twilight Council  
  23  2:12  Pylon  
  23  2:24  Gateway  
  23  2:33  Gateway  
  23  2:38  Gateway  
  23  2:44  Charge (Chrono Boost), Gateway  
  23  2:59  Cybernetics Core  
  23  3:02  Dark Shrine  
  23  3:09  Adept (Chrono Boost)  
  27  3:42  Pylon  
  27  3:43  Pylon  
  27  3:46  Stalker  
  27  4:03  Stalker  
  24  4:10  Zealot x2  
  24  4:11  Zealot  
  26  4:25  Dark Templar  
  26  4:32  Sentry  
  26  4:35  Dark Templar  
  26  4:37  Zealot  
  32  4:46  Dark Templar  
  30  4:58  Zealot x2  
  30  4:59  Zealot  
  36  5:10  Zealot  
  32  5:23  Dark Templar x2  
  30  5:30  Zealot x2  
  34  5:46  Dark Templar  
  30  5:57  Zealot x3  
  30  6:10  Dark Templar  
  30  6:15  Dark Templar  
  26  6:34  Dark Templar  
  26  6:38  Archon  
  28  6:44  Zealot x2  
  32  6:48  Zealot  
  34  6:58  Forge  
  34  7:06  Dark Templar  
  34  7:07  Zealot x2  
  34  7:08  Zealot  
  42  7:23  Dark Templar  
  44  7:42  Dark Templar  
  46  7:48  Pylon  
  46  7:54  Gateway  
  46  7:55  Protoss Ground Weapons Level 1 (Chrono Boost)  
  46  8:19  Archon  
  46  8:24  Dark Templar  
  46  8:25  Zealot x3  
  54  8:33  Pylon  
  54  8:50  Pylon  
  54  8:53  Dark Templar  
  56  8:57  Stalker  
  56  9:02  Zealot  
  60  9:04  Zealot  
  44  9:45  Dark Templar x2  
  42  9:46  Zealot  
  42  9:50  Archon  
  44  10:04  Dark Templar  
  44  10:06  Zealot  
  42  10:44  Dark Templar  
  42  10:45  Zealot x2  
  30  10:58  Dark Templar  
  30  11:03  Archon  
  32  11:07  Stalker  
Show
View Real Time Build Order
Export as new Build Order

DaHaKa Zerg - Winner!

Build Orders: Hatch First 

Get SALT Encoding   

  12  0:01  Drone  
  13  0:13  Drone  
  14  0:16  Overlord  
  14  0:31  Extractor, Drone  
  14  0:34  Drone  
  16  0:35  Drone  
  17  0:53  Hatchery  
  16  0:59  Drone  
  17  1:13  Spawning Pool  
  17  1:15  Drone  
  17  1:16  Extractor  
  16  1:19  Drone  
  16  1:21  Drone  
  18  1:28  Drone  
  19  1:49  Overlord  
  19  2:00  Queen  
  21  2:06  Queen  
  21  2:07  Zergling x4  
  25  2:11  Drone  
  26  2:16  Metabolic Boost  
  26  2:21  Drone  
  26  2:22  Drone  
  28  2:38  Hatchery  
  27  2:47  Queen  
  27  2:50  Drone  
  30  2:56  Drone x2  
  32  3:01  Overlord  
  32  3:21  Drone x7  
  39  3:30  Queen  
  41  3:34  Zergling x4  
  41  3:40  Zergling x2  
  44  3:48  Overlord x2  
  44  3:53  Zergling x4  
  45  4:06  Zergling x2  
  45  4:07  Zergling x12  
  51  4:22  Roach Warren  
  47  4:26  Zergling x6  
  47  4:27  Zergling x8  
  53  4:34  Spore Crawler  
  53  4:36  Spore Crawler x2  
  50  4:39  Spore Crawler  
  50  4:40  Zergling x6  
  46  4:54  Lair  
  46  4:57  Drone x3  
  46  4:58  Drone  
  49  5:16  Zergling x8  
  49  5:17  Zergling x10  
  55  5:35  Spore Crawler  
  53  5:44  Spore Crawler  
  53  5:49  Pneumatized Carapace  
  51  5:52  Roach  
  51  5:53  Roach x3  
  52  6:06  Zergling x2  
  52  6:07  Zergling x10  
  52  6:09  Overseer  
  51  6:15  Roach  
  49  6:39  Drone x2  
  52  6:40  Drone x2  
  52  6:41  Hydralisk Den  
  52  6:48  Drone x2  
  52  6:51  Drone  
  52  6:52  Drone x4  
  59  7:05  Hatchery  
  56  7:20  Hydralisk x2  
  56  7:22  Overlord x3  
  53  7:35  Overlord x3  
  51  7:37  Queen x2  
  51  7:39  Overlord  
  51  7:40  Muscular Augments  
  51  7:42  Drone x2  
  56  7:44  Evolution Chamber  
  56  7:46  Evolution Chamber  
  54  8:07  Hydralisk x5  
  54  8:11  Extractor, Drone x3  
  66  8:15  Extractor x2  
  64  8:21  Roach x2  
  68  8:29  Drone x2  
  68  8:30  Drone  
  68  8:31  Drone x4  
  75  8:48  Roach x5  
  83  8:55  Zergling x14  
  92  9:07  Lurker Den  
  92  9:10  Zergling x12  
  87  9:38  Zergling x18  
  90  10:04  Drone x8  
  98  10:11  Zergling x12  
  98  10:12  Zergling x4  
  106  10:25  Hydralisk x5  
  116  10:28  Overseer  
  116  10:31  Drone x2  
Tags
 
Add a new tag
Caveats
  • Supply blocks, unpowered buildings, or Contaminate may cause inaccurate times.
  • Supply counts are checked every 10 seconds.